 Dungeon Crawl Stone Soup version 0.32-a0-900-g30fb1b0edc (webtiles) character file.

Game seed: 1953562454058936423

380 Doorstop00 the Chopper (level 6, 0/54 (56) HPs)
             Began as a Minotaur Berserker on Apr 5, 2024.
             Was a Priest of Trog.
             Slain by a black bear (2 damage)
             ... on level 4 of the Dungeon.
             The game lasted 00:12:52 (3243 turns).

Doorstop00 the Chopper (Minotaur Berserker)         Turns: 3243, Time: 00:12:54

HP:   0/54 (56)     AC: 13    Str: 21    XL:     6   Next: 46%
MP:   5/5           EV:  8    Int:  6    God:    Trog [***...]
Gold: 181           SH:  0    Dex: 10    Spells: 5/5 levels left

rFire   . . .        a - +0 hand axe
rCold   . . .        (no shield)
rNeg    . . .        h - +0 chain mail
rPois   .            (helmet restricted)
rElec   .            j - +0 cloak
rCorr   .            p - +0 pair of gloves
SInv    .            o - +0 pair of boots
Will    .....        (no amulet) Stlth
                     (no ring)
HPRegen 0.29/turn    (no ring)
MPRegen 0.09/turn

%: no passive effects
@: lightly drained
A: horns 2, retaliatory headbutt
a: Renounce Religion, Berserk, Trog's Hand


You were on level 4 of the Dungeon.
You worshipped Trog.
Trog was most pleased with you.
You visited 1 branch of the dungeon, and saw 4 of its levels.

You collected 181 gold pieces.

Inventory:

Hand Weapons
 a - a +0 hand axe (weapon)
 f - a +1 mace of protection
Armour
 h - a +0 chain mail (worn)
 j - a +0 cloak (worn)
 o - a +0 pair of boots (worn)
 p - a +0 pair of gloves (worn)
Scrolls
 b - a scroll of fear
 c - 3 scrolls of fog
 e - a scroll of enchant armour {unknown}
 g - 3 scrolls of teleportation
 i - a scroll of amnesia {unknown}
 k - a scroll of blinking {unknown}
 l - a scroll of revelation {unknown}
Potions
 d - 3 potions of curing
 m - a potion of heal wounds {unknown}
 n - a potion of brilliance {unknown}
 q - a potion of attraction {unknown}


   Skills:
 * Level 5.2 Fighting
 * Level 6.5 Axes
 * Level 4.2 Armour
 * Level 3.2 Dodging


You had 5 spell levels left.
You didn't know any spells.
Your spell library was empty.

Dungeon Overview and Level Annotations

Branches:
Dungeon (4/15)
 Temple: D:4-7

Altars:

Shops:
D:2 =


Innate Abilities, Weirdness & Mutations

You have a pair of horns on your head.
You reflexively headbutt those who attack you in melee.


Message History

The hobgoblin shouts!
A wight comes into view. It is wielding a +4 great sword.
A black bear comes into view.
A wight comes into view. It is wielding a +2 short sword.
The black bear growls angrily.
A wight comes into view. It is wielding a +0 flail.
The hobgoblin hits you but does no damage.
A wight comes into view. It is wielding a +8 hand axe.
You closely miss the hobgoblin.
The hobgoblin hits you but does no damage.
You closely miss the wight. You headbutt the wight!
The wight is heavily damaged.
You closely miss the hobgoblin.
The wight hits you with a +4 great sword!
The hobgoblin hits you but does no damage.
The black bear misses you. You furiously retaliate!
You headbutt the black bear!
The black bear claws you but does no damage. x2
The wight barely misses you.
The black bear attacks as it pursues you!
The black bear bites you but does no damage.
The black bear claws you but does no damage. x2
The wight hits you with a +0 flail!
You feel drained.
The wight hits you with a +4 great sword!
* * * LOW HITPOINT WARNING * * *
The wight attacks as it pursues you! The wight barely misses you.
The black bear barely misses you. You furiously retaliate!
You headbutt the black bear! The black bear claws you.
* * * LOW HITPOINT WARNING * * *
The black bear claws you.
* * * LOW HITPOINT WARNING * * *
The black bear goes berserk!
The wight barely misses you. You furiously retaliate!
You headbutt the wight.
The black bear bites you but does no damage.
The black bear claws you.
* * * LOW HITPOINT WARNING * * *
The black bear claws you.
* * * LOW HITPOINT WARNING * * *
The black bear bites you.
You die...

..........##....####)†####
............ ## #~~~..~~~#
..........# #~......~#
.........z# #~..≈≈⌠.~#
.........)# #~.≈..≈.~#
........gz# #~.≈..≈.~#
.........z## #~.⌠≈≈..~#
........zh.### #~......~#
##########@..####~~~..~~~#
###....####''####
####.......# #########


You could see a black bear (berserk), 4 wights and a hobgoblin.

Vanquished Creatures
  A phantom (D:4)
  A scorpion (D:3)
  A bombardier beetle (D:3)
  4 gnolls (D:4)
  9 adders
  A ribbon worm (D:2)
  3 dart slugs (D:3)
  5 orcs
  11 ball pythons
  10 endoplasms
  4 giant cockroaches
  6 goblins
  9 hobgoblins
  3 kobolds
  A quokka (D:1)
  8 bats
  9 frilled lizards
  10 rats
96 creatures vanquished.

Notes
Turn   | Place    | Note
-------+----------+-------------------------------------------
     0 | D:1      | Doorstop00 the Minotaur Berserker began the quest for the
                  | Orb.
     0 | D:1      | Reached XP level 1. HP: 19/19 MP: 0/0
   281 | D:1      | Reached XP level 2. HP: 19/27 MP: 1/1
   376 | D:1      | Reached skill level 4 in Axes
   590 | D:1      | Found a faded altar of an unknown god.
  1100 | D:2      | Reached XP level 3. HP: 33/33 MP: 2/2
  1296 | D:2      | Reached ** piety under Trog
  1432 | D:2      | Found Atoatap's Jewellery Shop.
  1474 | D:2      | Reached XP level 4. HP: 40/41 MP: 3/3
  1892 | D:3      | Reached skill level 5 in Axes
  1996 | D:3      | Reached XP level 5. HP: 47/47 MP: 4/4
  2706 | D:3      | Reached *** piety under Trog
  2838 | D:4      | Noticed a phantom
  2847 | D:4      | Killed a phantom
  2848 | D:4      | Reached skill level 5 in Fighting
  2848 | D:4      | Reached skill level 6 in Axes
  2848 | D:4      | Reached XP level 6. HP: 54/56 MP: 5/5
  3243 | D:4      | HP: 2/54 [black bear (5)]
  3243 | D:4      | Slain by a black bear

Illustrated notes

Levels and vault maps discovered:
D:1:      minmay_arrival_widening_spiral_wide, layout_basic,
          dreamdust_ecumenical_altar_angels_and_demons, serial_bayou_crossing
D:2:      minmay_chambers_of_twos, layout_basic, serial_shops, shop,
          kennysheep_boxes
D:3:      layout_loops_corners, grunt_ministairs_3, chequers_arboretum
D:4:      minmay_inner_zag, layout_rooms, nicolae_ossuary_entry_giza,
          kennysheep_generic_room_7

Skill      XL: |  1  2  3  4  5 |
---------------+----------------+-----
Fighting       | 4 5 |  5.2
Axes           | 4 5 6 |  6.5
Armour         | 3 4 |  4.2
Dodging        | 3 |  3.2

Action                     |  1- 3 |  4- 6 || total
---------------------------+-------+-------++-------
  Melee: Hand axe          |    92 |   135 ||   227
         Headbutt          |    13 |    18 ||    31
    Use: Scroll            |     3 |     2 ||     5
   Stab: Sleeping          |     1 |       ||     1
 Armour: Animal skin       |     9 |       ||     9
         Ring mail         |    14 |       ||    14
         Chain mail        |    27 |   134 ||   161
  Dodge: Dodged            |    46 |    52 ||    98

Table legend: (Time is in decaauts)
 A = Elapsed time spent in this place.
 B = Non-inter-level travel time spent in this place.
 C = Inter-level travel time spent in this place.
 D = Time resting spent in this place.
 E = Time spent auto-exploring this place.
 F = Levels seen in this place.
 G = Mean time per level.
                   A        B        C        D        E       F      G
               +--------+--------+--------+--------+--------+-----+--------+
         Total |   3260 |   3194 |     66 |     81 |   2394 |   4 |  815.0 |
       Dungeon |   3260 |   3194 |     66 |     81 |   2394 |   4 |  815.0 |
               +--------+--------+--------+--------+--------+-----+--------+

Top non-repeatable levels by time:
     D:1: 1092 daAuts
     D:3: 990 daAuts
     D:2: 804 daAuts
     D:4: 373 daAuts
